cohdb
Replays
Latest Replays
All Replays
Popular Replays
Top Player Replays
Match Explorer
How It Works
Community
CoH3 Stats
Reddit
Sign in to upload your games and track your stats! →
Sign in with Steam
Match 45869261
Unlisted
Match 45869261
Overview
Messages
Build Orders
End
Selects Italian Combined Arms Battlegroup
Selects Bersaglieri Squad
Bersaglieri Squad
250 Light Carrier
Bersaglieri Squad
Bersaglieri Squad
Construct Light Support Kompanie
Fire Support Elements
Panzerjäger Mechanized Group
Combat Half-tracks
Selects Bersaglieri Bolster
Selects Breda Model 30 Light Machine Guns
2.5-tonne Medical Truck
Construct Panzerarmee Kommand
Panzer III L Medium Tank
Panzerpioneer Squad
Tungsten Core Ammunition
Grand.G
TheCruelButcher
0
0
Comments
sign in to comment!
No comments posted yet!